[Event "Late-Titled-Tuesday-Blitz-May-28-2024"]
[Site "Chess.com"]
[Date "2024.05.28"]
[Round "9"]
[White "Kombinator01"]
[Black "bazar-wokzal"]
[Result "0-1"]
[WhiteElo "2474"]
[BlackElo "2590"]
[TimeControl "180+1"]
[EndTime "15:40:09 PDT"]
[Termination "bazar-wokzal won by resignation"]

1. e4 Nc6 2. Nf3 d5 3. exd5 Qxd5 4. Nc3 Qa5 5. Bb5 Bd7 6. O-O a6 7. Bxc6 Bxc6 8. Nd4 e6 9. Nxc6 bxc6 10. Qf3 Ne7 11. a3 Qf5 12. Qg3 Rc8 13. d3 Nd5 14. Nxd5 cxd5 15. b4 h5 16. h4 Bd6 17. Qxg7 Be5 18.
Qxh8+ Bxh8 19. Rb1 Kd7 20. a4 Rg8 21. g3 Qf3 22. b5 Rxg3+ 23. fxg3 Qxg3+ 24. Kh1 Qh3+ 25. Kg1 Bd4+ 26. Rf2 Qg3+ 0-1

[Event "Late-Titled-Tuesday-Blitz-May-28-2024"]
[Site "Chess.com"]
[Date "2024.05.28"]
[Round "9"]
[White "JohnWhite1952"]
[Black "Quaide7"]
[Result "1-0"]
[WhiteElo "2031"]
[BlackElo "2124"]
[TimeControl "180+1"]
[EndTime "15:40:21 PDT"]
[Termination "JohnWhite1952 won by resignation"]

1. e4 e6 2. d3 d5 3. Nd2 c5 4. Ngf3 Nc6 5. g3 Nf6 6. Bg2 Be7 7.
O-O Rb8 8. Re1 b5 9. e5 Nd7 10.
Nf1 Qc7 11. Bf4 h6 12. h4 g5 13. hxg5 hxg5 14. Bxg5 Ndxe5 15. Bxe7 Nxf3+ 16. Qxf3 Qxe7 17. c4 Nd4 18. Qf4 bxc4 19. Qxb8 1-0

[Event "Late-Titled-Tuesday-Blitz-May-28-2024"]
[Site "Chess.com"]
[Date "2024.05.28"]
[Round "9"]
[White "djano"]
[Black "DonMicheleCorleone"]
[Result "0-1"]
[WhiteElo "2604"]
[BlackElo "2521"]
[TimeControl "180+1"]
[EndTime "15:40:38 PDT"]
[Termination "DonMicheleCorleone won by resignation"]

1. e4 d5 2. Nc3 dxe4 3. Nxe4 Qd5 4. Qf3 Nc6 5. c3 Ne5 6. Qe2 Bf5 7. f3 O-O-O 8. d4 Nc6 9. Qb5 Bxe4 10. fxe4 Qxe4+ 11. Be2 Qxg2 12. Bf3 Qg6 13. Ne2 e5 14. dxe5 Nge7 15.
Rg1 Qd3 16. Rg3 Qxb5 0-1

[Event "Late-Titled-Tuesday-Blitz-May-28-2024"]
[Site "Chess.com"]
[Date "2024.05.28"]
[Round "9"]
[White "RichardShtivelband"]
[Black "GoltsevDmitry2000"]
[Result "0-1"]
[WhiteElo "2380"]
[BlackElo "2700"]
[TimeControl "180+1"]
[EndTime "15:41:20 PDT"]
[Termination "GoltsevDmitry2000 won on time"]

1. e4 e6 2. d4 d5 3. Nd2 c5 4. exd5 exd5 5. Bb5+ Nc6 6. Ngf3 Nf6 7.
Qe2+ Be7 8. dxc5 O-O 9. Nb3 Bg4 10. Be3 Re8 11. O-O-O Ne4 12. h3 Bh5 13. Rhe1 a6 14.
Bxc6 bxc6 15. g4 Bg6 16. Nfd4 Qc8 17. f4 f6 18. f5 Bf7 19. Nf3 a5 20. a4 Qb7 21.
Bd2 Rab8 22. Bc3 Bxc5 23. Bxa5 Bd6 24. Qf1 Qa7 25. Nfd4 Rec8 26. Bd2 Be5 27. Be3 Qxa4 28. c3 Rxb3 29. Nxb3 Qxb3 30. Bd4 Rb8 0-1

[Event "Late-Titled-Tuesday-Blitz-May-28-2024"]
[Site "Chess.com"]
[Date "2024.05.28"]
[Round "9"]
[White "N_Mullodzhanov"]
[Black "lamomiablanca"]
[Result "0-1"]
[WhiteElo "2490"]
[BlackElo "2626"]
[TimeControl "180+1"]
[EndTime "15:41:32 PDT"]
[Termination "lamomiablanca won by checkmate"]

1. e4 e5 2. Nf3 Nc6 3. d4 exd4 4. Nxd4 Bc5 5. Nb3 Bb6 6. Nc3 Nf6 7. Qe2 O-O 8. Bg5 h6 9. Bh4 a5 10. Nd5 g5 11. Nxb6 cxb6 12. Bg3 Nxe4 13. O-O-O Re8 14. Qf3 a4 15. Nd4 a3 16. b3 d5 17. h4 Nxg3 18.
Qxg3 Qf6 19. h5 Nxd4 20. Qd3 Nc6 21. Be2 Bf5 22. Qf3 Qb2+ 23. Kd2 Nd4 24. Qg3 Qxc2+ 25. Ke1 Qxe2# 0-1

[Event "Late-Titled-Tuesday-Blitz-May-28-2024"]
[Site "Chess.com"]
[Date "2024.05.28"]
[Round "9"]
[White "ReadySkate"]
[Black "FredddieCroderg"]
[Result "1-0"]
[WhiteElo "2697"]
[BlackElo "2314"]
[TimeControl "180+1"]
[EndTime "15:41:32 PDT"]
[Termination "ReadySkate won by resignation"]

1. d4 d5 2. c4 e6 3. Nc3 Nf6 4. cxd5 exd5 5. Bg5 Be7 6. e3 O-O 7. Bd3 Re8 8. Qc2 h6 9. Bh4 c5 10. Nge2 Nc6 11. Qd2 c4 12. Bb1 Rb8 13. O-O b5 14.
a3 a5 15. Bg3 Bd6 16. Nf4 b4 17. axb4 axb4 18. Nce2 Ne4 19. Bxe4 Rxe4 20. Ra4 Bd7 21. Rfa1 Nxd4 22. Nxd4 Bxa4 23. Rxa4 Bxf4 24. Bxf4 Qf6 25. Bxb8 1-0

[Event "Late-Titled-Tuesday-Blitz-May-28-2024"]
[Site "Chess.com"]
[Date "2024.05.28"]
[Round "9"]
[White "merinasian"]
[Black "Smoking_Crow"]
[Result "1-0"]
[WhiteElo "2473"]
[BlackElo "2565"]
[TimeControl "180+1"]
[EndTime "15:41:33 PDT"]
[Termination "merinasian won by checkmate"]

1. d4 Nf6 2. Nf3 d5 3. c4 e6 4. e3 b6 5. Nbd2 Be7 6. Bd3 O-O 7. e4 dxe4 8. Nxe4 Bb7 9. Qe2 Nbd7 10. O-O Nxe4 11.
Bxe4 Bxe4 12. Qxe4 c5 13. Rd1 cxd4 14. Nxd4 Nf6 15.
Qf3 Qc7 16. b3 Rad8 17. Bb2 a6 18. Nc6 Rxd1+ 19. Rxd1 Bd6 20. Bxf6 gxf6 21. Qxf6 Qxc6 22. Rd4 h5 23. Qg5+ Kh7 24. Rh4 Bxh2+ 25. Rxh2 f6 26. Rxh5# 1-0

[Event "Late-Titled-Tuesday-Blitz-May-28-2024"]
[Site "Chess.com"]
[Date "2024.05.28"]
[Round "9"]
[White "egnfanclub"]
[Black "WilsonPalencia21"]
[Result "0-1"]
[WhiteElo "2325"]
[BlackElo "2573"]
[TimeControl "180+1"]
[EndTime "15:41:38 PDT"]
[Termination "WilsonPalencia21 won by resignation"]

1. e4 c5 2. Nc3 Nc6 3. f4 g6 4.
Nf3 Bg7 5. Bc4 e6 6. f5 Nge7 7.
fxe6 dxe6 8. d3 O-O 9. O-O Na5 10. Qe1 b6 11. Bg5 f6 12. Bf4 Nxc4 13. dxc4 e5 14. Be3 Be6 15. Rd1 Qc7 16. Nd5 Bxd5 17.
cxd5 Nc8 18. b4 cxb4 19. Qxb4 Nd6 20. Nd2 Rfd8 21. c4 Rac8 22. Rc1 f5 23. c5 bxc5 24.
Rxc5 Qd7 25. Rfc1 Bf8 26. Qa5 Nb7 0-1

[Event "Late-Titled-Tuesday-Blitz-May-28-2024"]
[Site "Chess.com"]
[Date "2024.05.28"]
[Round "9"]
[White "Boninknights"]
[Black "howitzer14"]
[Result "0-1"]
[WhiteElo "2437"]
[BlackElo "3020"]
[TimeControl "180+1"]
[EndTime "15:41:43 PDT"]
[Termination "howitzer14 won by resignation"]

1. d4 Nf6 2. Nf3 g6 3. c4 Bg7 4. Nc3 O-O 5. e4 d6 6. Be2 e5 7. dxe5 dxe5 8. Qxd8 Rxd8 9. Bg5 Re8 10. Nd5 Nxd5 11.
cxd5 c6 12. Bc4 b5 13. Bb3 a5 14.
a4 bxa4 15. Bxa4 Bd7 16. Bb3 cxd5 17. Bxd5 Bc6 18. Rd1 Bxd5 19. Rxd5 Nc6 20. Ke2 Reb8 21. Rb1 Rb4 22. Kd3 Rab8 23. Rc5 Nd4 24. Nxe5 Ne6 25.
Nd7 Rd4+ 0-1

[Event "Late-Titled-Tuesday-Blitz-May-28-2024"]
[Site "Chess.com"]
[Date "2024.05.28"]
[Round "9"]
[White "FMalexhdez"]
[Black "DonJuanEGenaro"]
[Result "1-0"]
[WhiteElo "2279"]
[BlackElo "2040"]
[TimeControl "180+1"]
[EndTime "15:41:46 PDT"]
[Termination "FMalexhdez won by resignation"]

1. c4 e6 2. Nc3 c5 3. g3 d5 4.
cxd5 exd5 5. d3 Nc6 6. Bg2 Nf6 7. Bg5 Be6 8. Bxf6 Qxf6 9. Bxd5 Bd6 10. Bxe6 Qxe6 11.
Nf3 O-O 12. O-O Rfe8 13. e4 a6 14. Nd5 b5 15. a4 Be5 16. axb5 axb5 17. Qb3 Rxa1 18.
Rxa1 Bd4 19. Qxb5 Rb8 20. Nxd4 Rxb5 21. Nxe6 fxe6 22. Nc7 Nd4 23. Nxb5 1-0

[Event "Late-Titled-Tuesday-Blitz-May-28-2024"]
[Site "Chess.com"]
[Date "2024.05.28"]
[Round "9"]
[White "Valiyev_Shahin"]
[Black "alexrustemov"]
[Result "1-0"]
[WhiteElo "2587"]
[BlackElo "2844"]
[TimeControl "180+1"]
[EndTime "15:41:51 PDT"]
[Termination "Valiyev_Shahin won by resignation"]

1. e4 e6 2. d4 d5 3. Nd2 dxe4 4. Nxe4 Bd7 5. Nf3 Bc6 6. Bd3 Nd7 7. O-O Ngf6 8. Ned2 Be7 9. Qe2 Bxf3 10. Nxf3 c6 11. Rd1 O-O 12. Ne5 Qc7 13. Bf4 Nxe5 14. Bxe5 Rad8 15.
Bxc7 Rd7 16. Be5 Ne8 17. c3 g6 18. a4 a5 19. Bc2 Nc7 20. Bxc7 Rxc7 21. Qe5 Rd7 22.
Qxa5 Bf6 23. Be4 Rfd8 24. Qb6 e5 25. d5 cxd5 26. Qxf6 d4 27. cxd4 exd4 28. a5 Rd6 29. Qf3 R8d7 30. Bxb7 d3 31. a6 d2 32. a7 Kg7 33.
a8=Q Re7 34. Qc3+ Kh6 35. Rxd2 Rde6 36. Qf8+ Kg5 37. Rd5+ f5 38. Qg3+ Kh5 39. Rxf5+ 1-0

[Event "Late-Titled-Tuesday-Blitz-May-28-2024"]
[Site "Chess.com"]
[Date "2024.05.28"]
[Round "9"]
[White "KorolDimitriy75"]
[Black "Zorbos"]
[Result "1-0"]
[WhiteElo "2467"]
[BlackElo "2731"]
[TimeControl "180+1"]
[EndTime "15:41:51 PDT"]
[Termination "KorolDimitriy75 won by resignation"]

1. d4 Nf6 2. c4 g6 3. Nc3 Bg7 4.
e4 d6 5. Nf3 O-O 6. Be2 e5 7.
dxe5 dxe5 8. Qxd8 Rxd8 9. Bg5 c6 10. Nxe5 Re8 11. O-O-O h6 12. Bh4 Nxe4 13. Nxe4 Bxe5 14.
Rhe1 g5 15. Bg3 Bxg3 16. Nf6+ Kf8 17. hxg3 Be6 18. Nxe8 Kxe8 19. Bg4 Ke7 20. Bxe6 fxe6 21. b3 Nd7 22. Kc2 a5 23. Re3 Nc5 24. Kc3 Rf8 25. f3 h5 26. Rh1 Rh8 27. Re5 1-0

[Event "Late-Titled-Tuesday-Blitz-May-28-2024"]
[Site "Chess.com"]
[Date "2024.05.28"]
[Round "9"]
[White "glucolisis04"]
[Black "tactic"]
[Result "0-1"]
[WhiteElo "2268"]
[BlackElo "2542"]
[TimeControl "180+1"]
[EndTime "15:42:10 PDT"]
[Termination "tactic won by resignation"]

1. d4 g6 2. c4 d6 3. Nc3 Nf6 4. e4 Bg7 5. Be2 O-O 6. Nf3 e5 7. O-O Qe8 8. d5 Na6 9. Re1 Nc5 10. Bf1 a5 11. b3 Bd7 12. a3 Nh5 13. Bb2 f5 14. b4 Na4 15. Nxa4 Bxa4 16. Qc1 fxe4 17. Ng5 Bh6 18. Rxe4 Rf5 19. h4 Bd7 20. Qc3 Bxg5 21. hxg5 Rxg5 22. f4 Rg3 23. Qe1 Bf5 24. fxe5 Bxe4 25.
Qxe4 dxe5 26. Be2 Nf4 27. Bf3 axb4 28. Bxe5 Nh3+ 29. Kh2 Ng5 30. Bxg3 Nxe4 0-1

[Event "Late-Titled-Tuesday-Blitz-May-28-2024"]
[Site "Chess.com"]
[Date "2024.05.28"]
[Round "9"]
[White "eljanov"]
[Black "attack2mateU"]
[Result "0-1"]
[WhiteElo "2878"]
[BlackElo "2722"]
[TimeControl "180+1"]
[EndTime "15:42:13 PDT"]
[Termination "attack2mateU won by resignation"]

1. d4 Nf6 2. Bf4 d5 3. e3 c5 4. Nf3 Nc6 5. Nbd2 Qb6 6. dxc5 Qxb2 7. Rb1 Qc3 8. Bb5 e6 9. O-O Be7 10. e4 O-O 11. e5 Nd7 12. Nb3 Qb4 13. Bd2 Qxb5 14.
Nbd4 Qxc5 15. Nxc6 Qxc6 16. Re1 a6 17. Rb3 Nc5 18.
Nd4 Qa4 19. Rg3 Ne4 20. Rg4 f5 21. exf6 Bxf6 0-1

[Event "Late-Titled-Tuesday-Blitz-May-28-2024"]
[Site "Chess.com"]
[Date "2024.05.28"]
[Round "9"]
[White "Timurist"]
[Black "StoreySniper"]
[Result "0-1"]
[WhiteElo "2410"]
[BlackElo "2542"]
[TimeControl "180+1"]
[EndTime "15:42:26 PDT"]
[Termination "StoreySniper won by resignation"]

1. e4 g6 2. d4 Bg7 3. Nc3 c5 4. Be3 Qa5 5. Nf3 Nf6 6. Qd3 Nc6 7. a3 d5 8. e5 Ne4 9. b4 Nxb4 10.
axb4 Qxa1+ 11. Nd1 c4 12. Qe2 Bd7 13. Nd2 Nc3 14.
Qf3 Bf5 15. Be2 Bxc2 16. O-O Nxe2+ 17. Qxe2 Bd3 0-1

[Event "Late-Titled-Tuesday-Blitz-May-28-2024"]
[Site "Chess.com"]
[Date "2024.05.28"]
[Round "9"]
[White "ZachHKL"]
[Black "Love7Unicorn"]
[Result "0-1"]
[WhiteElo "2380"]
[BlackElo "2536"]
[TimeControl "180+1"]
[EndTime "15:42:28 PDT"]
[Termination "Love7Unicorn won by checkmate"]

1. e4 c5 2. Nf3 d6 3. d4 cxd4 4. Nxd4 Nf6 5. Nc3 g6 6. Be3 Bg7 7. f3 O-O 8. Qd2 Nc6 9. Bc4 Bd7 10. O-O-O Rc8 11. Bb3 Nxd4 12. Bxd4 b5 13. Kb1 a5 14.
a3 b4 15. axb4 axb4 16. Nd5 Nxd5 17. Bxg7 Kxg7 18. exd5 Qa5 19. Qd4+ Kg8 20. Kc1 Ba4 21.
Bc4 Rc5 22. b3 Rfc8 23. Kb2 Bb5 24. Ra1 Qc7 25. Bxb5 Rxc2+ 26. Kb1 Rc1+ 27. Ka2 Qc2+ 28. Qb2 Qxb2+ 29. Kxb2 R8c2# 0-1

[Event "Late-Titled-Tuesday-Blitz-May-28-2024"]
[Site "Chess.com"]
[Date "2024.05.28"]
[Round "9"]
[White "Cambek64"]
[Black "Pig-filth"]
[Result "1-0"]
[WhiteElo "2531"]
[BlackElo "2369"]
[TimeControl "180+1"]
[EndTime "15:42:49 PDT"]
[Termination "Cambek64 won by resignation"]

1. e4 Nf6 2. e5 Nd5 3. c4 Nb6 4. d4 d6 5. exd6 cxd6 6. Be3 g6 7. Nc3 Bg7 8. Rc1 O-O 9. Nf3 Nc6 10. d5 Ne5 11. Nxe5 Bxe5 12. Be2 Bf5 13. O-O Bg7 14. b3 Nd7 15. Bd4 Bxd4 16. Qxd4 Nf6 17. Bd3 Bxd3 18. Qxd3 Qa5 19. Rfe1 Rfe8 20. g3 a6 21. a4 Rac8 22. Kg2 Nd7 23. Ne4 Nc5 24.
Nxc5 Qxc5 25. Qd2 a5 26. h4 h5 27. g4 hxg4 28. h5 Kg7 29. hxg6 Kxg6 30. Re4 f5 31.
Re6+ Kf7 32. Qg5 1-0

[Event "Late-Titled-Tuesday-Blitz-May-28-2024"]
[Site "Chess.com"]
[Date "2024.05.28"]
[Round "9"]
[White "brunoo2003"]
[Black "GMBenjaminFinegold"]
[Result "0-1"]
[WhiteElo "2587"]
[BlackElo "2747"]
[TimeControl "180+1"]
[EndTime "15:42:52 PDT"]
[Termination "GMBenjaminFinegold won by resignation"]

1. e4 c5 2. Nf3 Nc6 3. d4 cxd4 4. Nxd4 Nf6 5. Nc3 d6 6. Bg5 e6 7. Qd2 a6 8. O-O-O h6 9. Be3 Ng4 10. Nxc6 bxc6 11. Bf4 d5 12. f3 Nf6 13. g4 Bb4 14. a3 Ba5 15. Qe3 O-O 16. g5 Nh5 17. gxh6 g6 18. Bg5 Qb6 19. Bh3 Qxe3+ 20. Bxe3 d4 21.
Bxd4 e5 22. Bc5 Bxh3 23. Bxf8 Rxf8 24. Rhg1 Nf4 25. Rd6 Bxc3 26. Kb1 Bd4 27. Rd1 Bg2 28. Rxc6 Bxf3 29. Re1 Be2 30. c3 Bf2 31. Rh1 Bd3+ 32.
Ka1 Bxe4 0-1

[Event "Late-Titled-Tuesday-Blitz-May-28-2024"]
[Site "Chess.com"]
[Date "2024.05.28"]
[Round "9"]
[White "GothamChess"]
[Black "FairChess_on_YouTube"]
[Result "0-1"]
[WhiteElo "2803"]
[BlackElo "3085"]
[TimeControl "180+1"]
[EndTime "15:42:54 PDT"]
[Termination "FairChess_on_YouTube won by checkmate"]

1. e4 c5 2. Nc3 Nc6 3. Bb5 Nd4 4. Nf3 a6 5. Bd3 Nc6 6. O-O e6 7. Re1 d6 8. a3 Nf6 9. Rb1 b5 10. Bf1 Be7 11. d4 cxd4 12. Nxd4 Bb7 13. a4 b4 14. Na2 O-O 15. Nxc6 Bxc6 16. Nxb4 Bxe4 17. Nxa6 Qc8 18. Nb4 Rxa4 19. Nd3 d5 20. b3 Ra2 21. Bb2 Qc7 22. Ra1 Rxa1 23. Bxa1 Rc8 24. c3 Bf5 25. h3 h6 26. Bb2 Ne4 27. c4 dxc4 28. bxc4 Qxc4 29. Ne5 Qb4 30. Ba1 Nxf2 31. Kxf2 Bh4+ 32. g3 Qf4+ 33. Qf3 Bxg3+ 34. Kg2 Bxh3+ 35. Kxh3 Qh4+ 36. Kg2 Qh2# 0-1

[Event "Late-Titled-Tuesday-Blitz-May-28-2024"]
[Site "Chess.com"]
[Date "2024.05.28"]
[Round "9"]
[White "ural58"]
[Black "dennisodessa"]
[Result "0-1"]
[WhiteElo "2427"]
[BlackElo "2551"]
[TimeControl "180+1"]
[EndTime "15:42:55 PDT"]
[Termination "dennisodessa won by resignation"]

1. e4 e6 2. d4 d5 3. Nc3 Bb4 4. Ne2 dxe4 5. a3 Be7 6. Nxe4 Nd7 7. Qd3 Ngf6 8. Bf4 b6 9. Nxf6+ Nxf6 10. Qf3 Rb8 11. Qc6+ Bd7 12. Qxc7 Qxc7 13. Bxc7 Rc8 14.
Be5 Rxc2 15. b4 O-O 16. Nf4 Rfc8 17. Bd3 Rc1+ 18. Kd2 Rxh1 19. Rxh1 a5 20. Rb1 g5 21.
Ne2 Nd5 22. bxa5 bxa5 23. Rb7 Bc6 24. Ra7 Bxa3 25. Ba6 Ra8 26. Rxa8+ Bxa8 27. f3 f6 28. Bb8 Kf7 29. Bc4 h5 30. h3 h4 31. Kd3 Ke7 32. Bb5 Bd6 33. Ba7 Bb7 34. Bc4 Bc6 35. Ba2 Nb4+ 0-1

[Event "Late-Titled-Tuesday-Blitz-May-28-2024"]
[Site "Chess.com"]
[Date "2024.05.28"]
[Round "9"]
[White "Stanbad1"]
[Black "FuenfgegenWilly"]
[Result "1-0"]
[WhiteElo "2683"]
[BlackElo "2480"]
[TimeControl "180+1"]
[EndTime "15:42:57 PDT"]
[Termination "Stanbad1 won by resignation"]

1. d4 c5 2. d5 e5 3. Nc3 d6 4. e4 Be7 5. f4 exf4 6. Bxf4 Bf6 7. Nf3 Ne7 8. Bb5+ Bd7 9. Be2 Bg4 10. O-O Bxf3 11. Bxf3 O-O 12. Rb1 Ng6 13. Bg3 Na6 14. Nb5 Be5 15. c4 Nc7 16. Nc3 Bxg3 17. hxg3 Ne5 18. Be2 Qg5 19. Qe1 Rab8 20. Qf2 a6 21. b4 b6 22. bxc5 bxc5 23. a4 a5 24. Nb5 Nxb5 25. axb5 a4 26. Ra1 Ra8 27. Qf4 Qd8 28. Ra3 Qa5 29. Rfa1 Qb4 30. Qc1 Ra5 31. Qc2 Rfa8 32. Kf2 R5a7 33. R1a2 h6 34. Ra1 Qa5 35. Rb1 Qb6 36. Rba1 Qd8 37. Rxa4 Qf6+ 38. Kg1 Nf3+ 39. Bxf3 Qxa1+ 40. Rxa1 Rxa1+ 41. Kh2 R8a2 42. Qb3 Ra3 43. Qb2 R3a2 44. Qc3 Rb1 45. e5 dxe5 46. Qxe5 Rc2 47.
Qe8+ Kh7 48. Be4+ 1-0

[Event "Late-Titled-Tuesday-Blitz-May-28-2024"]
[Site "Chess.com"]
[Date "2024.05.28"]
[Round "9"]
[White "PNEPaul"]
[Black "norwaytoadog"]
[Result "0-1"]
[WhiteElo "1929"]
[BlackElo "2314"]
[TimeControl "180+1"]
[EndTime "15:42:57 PDT"]
[Termination "norwaytoadog won by checkmate"]

1. e4 c5 2. Nf3 d6 3. d4 cxd4 4. c3 dxc3 5. Nxc3 Nf6 6. Bc4 e6 7. O-O Be7 8. Qe2 Nc6 9. Rd1 Bd7 10. Bg5 Rc8 11. Bxf6 gxf6 12. a3 a6 13. Rac1 Ne5 14.
Nxe5 fxe5 15. Ba2 Rc6 16. Bb1 h5 17. h3 Bg5 18. Rc2 Qf6 19. Na4 Qe7 20. Rxc6 Bxc6 21. Nc3 Bf4 22. Qd3 Rg8 23. Qxd6 Qg5 24. Qb8+ Ke7 25.
Qd6+ Kf6 26. Nd5+ Bxd5 27. exd5 Qxg2# 0-1

[Event "Late-Titled-Tuesday-Blitz-May-28-2024"]
[Site "Chess.com"]
[Date "2024.05.28"]
[Round "9"]
[White "nabukatnezarr"]
[Black "Robert_Oros"]
[Result "0-1"]
[WhiteElo "2626"]
[BlackElo "2449"]
[TimeControl "180+1"]
[EndTime "15:43:01 PDT"]
[Termination "Robert_Oros won by checkmate"]

1. a4 e5 2. a5 a6 3. e3 Nf6 4. d4 exd4 5. exd4 d5 6. Bd3 Nc6 7. c3 Bd6 8. Ne2 O-O 9. Bf4 Re8 10. Bxd6 Qxd6 11. O-O Ng4 12. Ng3 h5 13. Re1 Rxe1+ 14. Qxe1 Bd7 15. Nd2 Nxh2 16. Nxh5 Re8 17. Qd1 Bg4 18.
f3 Bxh5 19. Kf2 Qf4 20. Nf1 Nxf1 21. Bxf1 Qe3+ 22. Kg3 Ne7 23. Qc2 Bg6 24. Qa4 Nf5+ 25. Kg4 Re4+ 26. fxe4 Qg3# 0-1

[Event "Late-Titled-Tuesday-Blitz-May-28-2024"]
[Site "Chess.com"]
[Date "2024.05.28"]
[Round "9"]
[White "djjohnnywoo"]
[Black "Juliana_Figueira"]
[Result "1-0"]
[WhiteElo "2128"]
[BlackElo "1955"]
[TimeControl "180+1"]
[EndTime "15:43:08 PDT"]
[Termination "djjohnnywoo won by checkmate"]

1. b3 Nf6 2. Bb2 g6 3. e3 Bg7 4. Nf3 O-O 5. d4 d5 6. c4 e6 7. Nc3 Qe7 8. Be2 c5 9. Qc2 Nc6 10. a3 Bd7 11. O-O b6 12. dxc5 bxc5 13. cxd5 exd5 14. Rfd1 Be6 15. Rac1 Rac8 16. Na4 Ne4 17. Bxg7 Kxg7 18. Bd3 f5 19. Nxc5 Nd8 20. Qb2+ Kg8 21.
Nxe6 Nxe6 22. Qe5 Rxc1 23. Rxc1 Qd7 24. Nd4 N4c5 25. Bb1 Nxd4 26. exd4 Nxb3 27. Rc7 Qe8 28. Qg7# 1-0

[Event "Late-Titled-Tuesday-Blitz-May-28-2024"]
[Site "Chess.com"]
[Date "2024.05.28"]
[Round "9"]
[White "dozer80"]
[Black "Abduzhaparov"]
[Result "0-1"]
[WhiteElo "2681"]
[BlackElo "2522"]
[TimeControl "180+1"]
[EndTime "15:43:09 PDT"]
[Termination "Abduzhaparov won by resignation"]

1. d4 d6 2. e4 Nf6 3. Nc3 e5 4. Bg5 Be7 5. dxe5 dxe5 6. Qxd8+ Bxd8 7. O-O-O c6 8. f3 O-O 9. Nge2 Be6 10. g3 h6 11. Be3 Be7 12. h4 Nbd7 13. Bh3 Bxh3 14. Rxh3 b5 15. g4 Bc5 16. Bd2 Ne8 17. Bxh6 gxh6 18.
Rxd7 Nf6 19. Rd3 a5 20. g5 Nh5 21. gxh6 Kh7 22. Rh1 a4 23. Nd1 b4 24. Ne3 Rad8 25. Nf5 Rxd3 26. cxd3 Rg8 27. Kd2 Rg2 28. Rc1 Nf4 29.
Re1 Bf2 30. Nxf4 Bxe1+ 31. Kxe1 exf4 0-1

[Event "Late-Titled-Tuesday-Blitz-May-28-2024"]
[Site "Chess.com"]
[Date "2024.05.28"]
[Round "9"]
[White "lamomiajunior"]
[Black "Ramosha"]
[Result "0-1"]
[WhiteElo "2720"]
[BlackElo "2587"]
[TimeControl "180+1"]
[EndTime "15:43:12 PDT"]
[Termination "Ramosha won by resignation"]

1. d4 Nf6 2. Nc3 d5 3. Bf4 c6 4.
e3 Bf5 5. f3 e6 6. g4 Bg6 7. h4 h5 8. g5 Nfd7 9. Qd2 Na6 10. Nh3 Qb6 11. O-O-O c5 12. Bb5 cxd4 13. exd4 Bb4 14. a4 Rc8 15. Be5 Bf5 16. Qe3 Qa5 17.
Ne4 dxe4 18. fxe4 Bg4 19. Rdf1 Rf8 20. Bxg7 Nc7 21. Bxd7+ Kxd7 22. Bxf8 Bxf8 23. Rxf7+ Be7 24. Qa3 Re8 25. Nf4 Kd8 26. Qb3 b5 27. d5 bxa4 28. Qd3 exd5 29. exd5 Bd6 30. Ne6+ Nxe6 31. dxe6 Rxe6 32.
g6 Re1+ 33. Qd1 Bxd1 34. g7 Bg4+ 0-1

[Event "Late-Titled-Tuesday-Blitz-May-28-2024"]
[Site "Chess.com"]
[Date "2024.05.28"]
[Round "9"]
[White "maurovargas01"]
[Black "KebabJangles"]
[Result "0-1"]
[WhiteElo "1926"]
[BlackElo "2276"]
[TimeControl "180+1"]
[EndTime "15:43:12 PDT"]
[Termination "KebabJangles won on time"]

1. e4 c5 2. Nc3 e6 3. f4 d5 4. Nf3 d4 5. Ne2 Nc6 6. d3 f5 7. exf5 exf5 8. g3 g6 9. Bg2 Bg7 10. O-O Nge7 11. Re1 O-O 12. Ng5 h6 13. Nf3 Nd5 14. Bd2 Re8 15. Nc1 Be6 16. Nb3 Qd6 17. Re2 Bf7 18. Qf1 Rxe2 19. Qxe2 Re8 20. Qf2 Ne3 21. Bxe3 Rxe3 22. Re1 Qe7 23. Rxe3 dxe3 24. Qe2 Bxb2 25. c4 Bd4 26. Nbxd4 cxd4 27. Kf1 Qb4 28. Qc2 a5 29. Ke2 a4 30. Ne5 Be8 31.
Bd5+ Kg7 32. Nf3 Qb6 33. c5 Qb4 34. Bxc6 Bxc6 35. Ne5 Bd5 36. c6 bxc6 37. Nxc6 Qc3 38. Qxc3 dxc3 39. Nd4 Bxa2 0-1

[Event "Late-Titled-Tuesday-Blitz-May-28-2024"]
[Site "Chess.com"]
[Date "2024.05.28"]
[Round "9"]
[White "Bala-Afiada"]
[Black "toninhojit"]
[Result "0-1"]
[WhiteElo "2031"]
[BlackElo "2532"]
[TimeControl "180+1"]
[EndTime "15:43:16 PDT"]
[Termination "toninhojit won on time"]

1. d4 Nf6 2. c4 c5 3. d5 e6 4. Nc3 exd5 5. cxd5 d6 6. Nf3 g6 7. g3 Bg7 8. Bg2 O-O 9. O-O Re8 10. Nd2 Na6 11. e4 Nc7 12. a4 b6 13. Nc4 Ba6 14. Qb3 Ng4 15. Re1 Ne5 16. Nxe5 Bxe5 17.
f4 Bd4+ 18. Be3 f5 19. Rad1 Bxc3 20. bxc3 fxe4 21. c4 Bc8 22. Bf2 Bf5 23. Re3 Qd7 24. Rde1 Na6 25. Bxe4 Bxe4 26. Rxe4 Rxe4 27. Rxe4 Re8 28.
Qe3 Rxe4 29. Qxe4 Nb4 30. Be1 Kf7 31. Bc3 Qf5 32. Qe2 Qb1+ 33. Be1 Qf5 34. Bc3 h5 35. Kg2 Nc2 36. h3 Nd4 37. g4 Nxe2 0-1

[Event "Late-Titled-Tuesday-Blitz-May-28-2024"]
[Site "Chess.com"]
[Date "2024.05.28"]
[Round "9"]
[White "nindjaxx8"]
[Black "DanylaBagrov"]
[Result "1-0"]
[WhiteElo "2626"]
[BlackElo "2479"]
[TimeControl "180+1"]
[EndTime "15:43:21 PDT"]
[Termination "nindjaxx8 won on time"]

1. d4 d6 2. c4 e5 3. e3 Nf6 4.
Nc3 Nbd7 5. Nf3 Be7 6. Be2 O-O 7. O-O c6 8. dxe5 dxe5 9. Qc2 Qc7 10. b3 a5 11. Bb2 Nc5 12. Rad1 Bg4 13. h3 Bh5 14. Nh4 a4 15. b4 Ne6 16. a3 Bg6 17. Nxg6 hxg6 18. c5 g5 19. Nxa4 Nd5 20.
Nc3 Rfd8 21. Bf3 b6 22. Nxd5 cxd5 23. Bxd5 Rac8 24. Qf5 Rxd5 25. Rxd5 bxc5 26. bxc5 Qb7 27. Rxe5 Bf6 28. Rxe6 fxe6 29. Qxe6+ Kh7 30. Bxf6 gxf6 31.
Rd1 Rc7 32. Rd8 Rf7 33. c6 Qb1+ 34. Kh2 Kg6 35. Rg8+ Rg7 36. Rxg7+ Kxg7 37. c7 1-0

[Event "Late-Titled-Tuesday-Blitz-May-28-2024"]
[Site "Chess.com"]
[Date "2024.05.28"]
[Round "9"]
[White "McCarthyStone"]
[Black "Arteler"]
[Result "1-0"]
[WhiteElo "2472"]
[BlackElo "2203"]
[TimeControl "180+1"]
[EndTime "15:43:29 PDT"]
[Termination "McCarthyStone won by checkmate"]

1. b3 Nf6 2. Bb2 g6 3. Bxf6 exf6 4. c4 Bg7 5. Nc3 O-O 6. g3 Nc6 7. Bg2 b6 8. e3 Bb7 9. Nge2 Na5 10. Nd5 f5 11. d4 c5 12. O-O cxd4 13. Nxd4 Nc6 14.
Nb5 a6 15. Nd6 Qb8 16. Nxb6 Bxa1 17. Qxa1 Qxd6 18. Rd1 Qb4 19. Nd5 Qa5 20. Nf6+ Kg7 21. Nh5+ Kh6 22. Qg7+ Kxh5 23. Bf3+ Kg5 24. h4# 1-0

[Event "Late-Titled-Tuesday-Blitz-May-28-2024"]
[Site "Chess.com"]
[Date "2024.05.28"]
[Round "9"]
[White "RandomNoob04"]
[Black "DanielNaroditsky"]
[Result "0-1"]
[WhiteElo "2780"]
[BlackElo "3076"]
[TimeControl "180+1"]
[EndTime "15:43:36 PDT"]
[Termination "DanielNaroditsky won by resignation"]

1. e4 c5 2. d4 cxd4 3. c3 Nf6 4. e5 Nd5 5. Nf3 e6 6. cxd4 b6 7. Nc3 Nxc3 8. bxc3 Qc7 9. Bb5 Bb7 10. O-O Be7 11. Qd3 a6 12. Ba4 h6 13. Re1 b5 14.
Bb3 Nc6 15. d5 exd5 16. Qxd5 Nd8 17. Qd3 Ne6 18. Nd4 g6 19. Nxe6 dxe6 20. Bxe6 fxe6 21.
Qxg6+ Kd7 22. Rd1+ Bd5 23. Qf7 Qxe5 24. Ba3 Qf6 25.
Rxd5+ exd5 26. Qxd5+ Kc7 27. Re1 Bxa3 28. Re6 Qd8 29.
Rc6+ Kb8 30. Qe5+ Kb7 0-1